Map: Emerald City LE

Players

Throwfordays

  • Race: Protoss Protoss
  • Spawn Location: 5:00

Faust

  • Race: Zerg Zerg
  • League: Platinum
  • Spawn Location: 5:00

rcheruti - Winner!

  • Race: Protoss Protoss
  • League: Master
  • Spawn Location: 11:00

Primne - Winner!

  • Race: Terran Terran
  • League: Master
  • Spawn Location: 11:00

VOD

Have the link to the VOD?

Description

Time

  • Played on: Feb. 23, 2021, 6:02 p.m.
  • Length: 21:22
Show
View Real Time Build Order
Export as new Build Order

Throwfordays Protoss 

Build Orders: Carriers 

Get SALT Encoding   

  12  0:00  Probe  
  13  0:13  Pylon  
  13  0:30  Probe  
  13  0:32  Forge  
  14  0:42  Probe (Chrono Boost)  
  15  0:52  Probe (Chrono Boost)  
  16  0:57  Probe (Chrono Boost)  
  16  0:58  Pylon  
  17  1:09  Probe  
  18  1:33  Photon Cannon  
  18  2:06  Pylon  
  18  2:11  Photon Cannon  
  18  2:12  Photon Cannon  
  18  2:16  Probe  
  19  2:23  Pylon  
  18  2:44  Photon Cannon  
  18  2:49  Gateway  
  18  2:53  Assimilator  
  18  2:59  Photon Cannon  
  18  3:03  Probe  
  19  3:21  Assimilator  
  19  3:28  Probe  
  20  3:38  Cybernetics Core  
  20  3:40  Probe (Chrono Boost)  
  21  3:52  Probe (Chrono Boost)  
  22  4:09  Protoss Ground Weapons Level 1 (Chrono Boost)  
  22  4:17  Warp Gate (Chrono Boost)  
  22  4:21  Robotics Facility  
  22  4:41  Pylon  
  22  5:01  Robotics Facility  
  22  5:09  Immortal  
  26  5:26  Probe  
  27  5:45  Pylon  
  27  5:49  Immortal (Chrono Boost)  
  35  5:58  Immortal (Chrono Boost)  
  35  5:59  Stalker  
  35  6:02  Photon Cannon  
  37  6:07  Pylon  
  37  6:12  Photon Cannon  
  37  6:26  Warp Prism  
  39  6:34  Photon Cannon  
  39  6:38  Shield Battery  
  39  6:40  Photon Cannon  
  39  7:13  Nexus  
  39  7:20  Pylon  
  39  7:24  Pylon  
  39  7:39  Shield Battery  
  39  7:43  Shield Battery  
  39  7:47  Photon Cannon  
  39  7:50  Photon Cannon  
  39  7:57  Probe  
  40  8:14  Probe  
  41  8:27  Probe  
  42  8:37  Probe  
  42  8:39  Probe  
  44  8:46  Pylon  
  44  8:48  Pylon  
  44  8:49  Probe  
  44  8:51  Probe  
  46  8:57  Assimilator  
  46  9:01  Observer, Probe  
  48  9:03  Assimilator, Probe  
  49  9:13  Probe  
  50  9:25  Probe  
  51  9:41  Probe  
  52  9:54  Probe (Chrono Boost)  
  53  10:04  Nexus  
  53  10:07  Probe (Chrono Boost)  
  54  10:13  Stalker  
  63  10:14  Probe (Chrono Boost)  
  63  10:19  Stargate  
  56  10:22  Stargate  
  56  10:25  Stargate  
  56  10:27  Stargate  
  54  10:49  Stargate  
  54  10:52  Stalker  
  56  11:03  Stargate  
  56  11:25  Fleet Beacon  
  56  11:28  Protoss Shields Level 1 (Chrono Boost)  
  56  11:30  Twilight Council  
  56  11:36  Protoss Air Weapons Level 1 (Chrono Boost)  
  56  11:49  Nexus  
  56  11:51  Assimilator  
  56  11:55  Assimilator  
  56  11:58  Pylon  
  56  12:01  Pylon  
  56  12:06  Carrier x2 (Chrono Boost)  
  56  12:08  Carrier (Chrono Boost)  
  74  12:26  Carrier (Chrono Boost)  
  80  12:38  Carrier  
  86  12:56  Photon Cannon  
  86  12:58  Photon Cannon  
  86  13:01  Probe (Chrono Boost)  
  87  13:10  Probe (Chrono Boost)  
  87  13:12  Probe (Chrono Boost)  
  89  13:15  Probe (Chrono Boost)  
  89  13:19  Carrier  
  96  13:28  Probe  
  97  13:35  Cybernetics Core  
  97  13:40  Probe  
  98  13:53  Probe  
  99  13:58  Probe  
  99  14:02  Probe  
  101  14:06  Probe  
  102  14:10  Probe  
  103  14:18  Probe (Chrono Boost), Carrier  
  111  14:27  Probe (Chrono Boost)  
  111  14:30  Probe (Chrono Boost)  
  112  14:35  Probe (Chrono Boost)  
  112  14:36  Probe (Chrono Boost)  
  114  14:43  Nexus  
  114  14:44  Probe  
  115  14:56  Probe  
  89  15:24  Probe (Chrono Boost)  
  78  15:36  Probe (Chrono Boost)  
  78  15:38  Pylon  
  79  15:44  Probe (Chrono Boost)  
  80  15:51  Probe  
  81  16:05  Stalker  
  81  16:06  Probe (Chrono Boost)  
  81  16:08  Probe (Chrono Boost)  
  76  16:18  Probe (Chrono Boost)  
  75  16:22  Probe (Chrono Boost)  
  75  16:23  Probe (Chrono Boost)  
  75  16:32  Probe  
  75  16:34  Probe  
  75  16:37  Probe  
  77  16:44  Void Ray x2, Probe  
  77  16:46  Probe  
  79  16:49  Probe  
  80  16:54  Assimilator  
  80  16:57  Assimilator, Probe  
  80  17:01  Pylon, Probe  
  82  17:02  Pylon  
  82  17:05  Pylon  
  82  17:08  Pylon  
  82  17:09  Probe  
  82  17:12  Pylon  
  82  17:13  Pylon, Probe  
  84  17:18  Protoss Shields Level 2 (Chrono Boost)  
  84  17:19  Pylon  
  84  17:22  Pylon  
  84  17:25  Probe  
  84  17:26  Void Ray x4  
  84  17:27  Void Ray x2  
  109  17:37  Probe  
  109  17:41  Pylon  
  109  17:44  Assimilator  
  110  17:49  Probe  
  111  17:51  Flux Vanes  
  111  17:53  Stargate  
  111  17:57  Stargate  
  111  17:59  Stargate  
  111  18:01  Probe  
  112  18:07  Void Ray  
  112  18:08  Void Ray x5  
  112  18:11  Pylon  
  112  18:18  Protoss Air Weapons Level 2  
  136  18:26  Shield Battery  
  136  18:28  Shield Battery  
  136  18:29  Shield Battery  
  136  18:31  Shield Battery  
  136  18:32  Shield Battery x2  
  136  18:33  Shield Battery  
  135  18:35  Shield Battery  
  135  18:36  Probe  
  135  18:37  Void Ray  
  135  18:38  Void Ray x2  
  131  18:48  Probe  
  131  18:54  Void Ray  
  131  18:55  Void Ray x3  
  132  19:00  Probe  
  145  19:12  Void Ray  
  135  19:32  Pylon  
  135  19:34  Pylon  
  135  19:36  Pylon  
  133  19:57  Void Ray  
  93  20:46  Nexus  
  93  20:50  Pylon  
Show
View Real Time Build Order
Export as new Build Order

Faust Zerg 

Build Orders: Hatch First 

Get SALT Encoding   

  12  0:00  Drone  
  13  0:08  Drone  
  14  0:15  Extractor  
  14  0:16  Drone  
  14  0:23  Extractor, Drone  
  14  0:27  Overlord  
  16  0:46  Drone x2  
  18  0:55  Hatchery  
  17  1:11  Spawning Pool  
  16  1:29  Drone  
  17  1:42  Extractor  
  16  2:03  Zergling x6  
  19  2:12  Drone  
  19  2:13  Queen, Roach Warren  
  19  2:15  Queen  
  23  2:31  Spine Crawler  
  21  2:46  Drone x3  
  24  2:53  Drone x3  
  24  2:54  Extractor  
  26  3:25  Drone  
  27  3:27  Queen  
  27  3:34  Overlord  
  27  3:44  Hatchery  
  27  3:45  Overlord x2  
  26  3:52  Drone  
  26  3:53  Drone x2  
  29  4:10  Drone x3  
  29  4:11  Roach  
  29  4:12  Roach  
  36  4:35  Ravager  
  36  4:37  Roach x5  
  47  4:40  Overlord  
  47  4:45  Drone  
  47  4:46  Drone  
  49  4:58  Metabolic Boost  
  47  5:08  Ravager x3  
  47  5:10  Ravager  
  47  5:11  Overlord  
  47  5:12  Drone x2  
  47  5:13  Drone x2  
  50  5:55  Queen  
  47  6:04  Drone  
  47  6:05  Drone x15  
  63  6:11  Queen  
  65  6:22  Drone  
  66  6:26  Spore Crawler  
  66  6:27  Lair  
  65  6:34  Overlord  
  65  6:44  Drone  
  65  6:46  Overlord  
  47  7:15  Extractor  
  46  7:17  Extractor  
  46  7:21  Spore Crawler  
  39  7:28  Spore Crawler  
  39  7:29  Drone  
  39  7:31  Spore Crawler  
  39  7:32  Drone x2, Spire  
  39  7:37  Glial Reconstitution  
  39  7:38  Drone x3  
  39  7:39  Drone x3  
  39  7:40  Roach x7  
  59  7:45  Drone  
  59  7:59  Drone  
  60  8:12  Drone x3  
  62  8:22  Overlord  
  62  8:29  Drone x2  
  62  8:30  Spore Crawler  
  63  8:40  Drone  
  64  8:42  Overseer  
  64  8:44  Pneumatized Carapace  
  64  8:47  Drone x4  
  64  8:48  Drone x6  
  74  8:52  Spore Crawler  
  72  8:59  Overlord  
  72  9:03  Drone  
  72  9:05  Overlord x2  
  73  9:29  Ravager  
  73  9:31  Ravager  
  75  9:35  Mutalisk  
  75  9:36  Mutalisk x9  
  95  9:42  Extractor  
  95  9:43  Queen, Extractor, Drone x3  
  98  10:01  Overseer  
  98  10:10  Hatchery  
  89  10:16  Corruptor  
  89  10:17  Corruptor x2  
  89  10:21  Spore Crawler  
  94  10:23  Spore Crawler  
  85  10:36  Ravager x3  
  70  11:04  Drone  
  70  11:05  Drone x6  
  70  11:06  Corruptor x3  
  84  11:11  Drone x3  
  86  11:24  Zerg Flyer Weapons Level 1  
  86  11:47  Drone  
  86  11:48  Drone x9  
  86  11:52  Overlord x5  
  86  11:53  Overlord x2  
  96  12:10  Queen x2  
  100  12:17  Queen, Extractor, Drone x2  
  100  12:18  Extractor  
  102  12:30  Infestation Pit  
  101  12:50  Corruptor x5  
  101  12:51  Corruptor x7  
  111  12:56  Ravager x2  
  111  12:58  Overlord x2  
  127  13:00  Overlord  
  128  13:12  Drone  
  128  13:13  Drone x2  
  128  13:14  Drone x3  
  133  13:41  Corruptor x7  
  133  13:42  Corruptor  
  149  13:57  Drone x2  
  149  13:58  Drone x6  
  149  13:59  Hatchery  
  156  14:16  Hive  
  156  14:19  Zerg Flyer Weapons Level 2  
  156  14:20  Evolution Chamber  
  156  14:21  Evolution Chamber  
  138  14:57  Corruptor  
  138  14:58  Corruptor x12  
  108  15:54  Corruptor x9  
  108  15:56  Zergling x6  
  115  16:05  Drone x3  
  118  16:12  Extractor  
  118  16:13  Drone x3  
  118  16:14  Extractor  
  119  16:18  Extractor  
  94  16:47  Drone x4  
  94  16:48  Drone x2  
  98  16:54  Queen  
  98  16:55  Drone x2  
  98  16:56  Drone  
  98  16:57  Drone x2  
  98  16:58  Zerg Flyer Weapons Level 3  
  105  17:19  Extractor  
  105  17:20  Hatchery  
  100  17:23  Corruptor x12  
  100  17:24  Extractor  
  123  17:34  Roach x3  
  123  17:35  Roach x4  
  133  17:41  Spore Crawler  
  133  17:43  Spore Crawler  
  127  17:45  Spore Crawler x3  
  127  17:49  Corruptor  
  127  17:50  Corruptor x3  
  127  17:54  Spore Crawler  
  127  17:55  Spore Crawler  
  104  18:28  Ravager x4  
  86  18:48  Viper x2  
  83  19:26  Drone x3  
  86  19:36  Extractor, Drone x2  
  86  19:37  Drone  
  82  19:49  Hatchery  
  82  19:50  Extractor  
  82  19:51  Extractor  
  50  20:29  Drone x2  
  50  20:30  Drone  
  50  20:31  Drone x2  
  50  20:32  Drone  
  50  20:33  Corruptor x2  
  50  20:34  Corruptor x7  
Show
View Real Time Build Order
Export as new Build Order

rcheruti Protoss - Winner!

Build Orders: Carriers 

Get SALT Encoding   

  12  0:00  Probe  
  13  0:12  Probe  
  14  0:20  Pylon  
  14  0:25  Probe  
  15  0:43  Forge, Probe  
  16  0:59  Pylon  
  16  1:04  Probe  
  17  1:35  Pylon  
  17  1:38  Probe  
  18  1:45  Gateway  
  18  1:47  Assimilator  
  18  1:49  Assimilator  
  18  1:50  Probe  
  19  1:55  Photon Cannon  
  19  1:57  Photon Cannon  
  19  2:15  Photon Cannon  
  19  2:17  Pylon  
  19  2:19  Probe  
  20  2:32  Photon Cannon  
  20  2:35  Pylon  
  20  2:51  Photon Cannon  
  20  3:00  Probe  
  20  3:05  Cybernetics Core  
  21  3:12  Probe  
  22  3:22  Pylon  
  22  3:24  Probe  
  23  3:40  Probe  
  24  3:49  Stargate  
  24  4:05  Nexus  
  24  4:08  Pylon  
  24  4:14  Assimilator  
  24  4:16  Stalker (Chrono Boost)  
  26  4:30  Oracle (Chrono Boost)  
  26  4:32  Pylon  
  29  5:01  Assimilator  
  29  5:06  Photon Cannon  
  29  5:08  Pylon, Oracle (Chrono Boost)  
  32  5:21  Stargate  
  32  5:25  Probe (Chrono Boost)  
  33  5:35  Probe (Chrono Boost)  
  34  5:40  Probe (Chrono Boost)  
  35  6:05  Void Ray x2  
  42  6:29  Probe (Chrono Boost)  
  43  6:38  Pylon  
  43  6:39  Probe (Chrono Boost)  
  44  6:40  Fleet Beacon  
  44  6:42  Void Ray  
  44  6:44  Pylon, Probe (Chrono Boost)  
  49  6:56  Probe  
  50  7:08  Probe  
  51  7:20  Probe  
  52  7:23  Void Ray  
  52  7:24  Void Ray  
  60  7:32  Probe  
  60  7:35  Flux Vanes  
  61  8:06  Void Ray  
  71  8:14  Carrier (Chrono Boost)  
  71  8:15  Probe (Chrono Boost)  
  72  8:25  Probe (Chrono Boost)  
  73  8:30  Nexus, Probe (Chrono Boost)  
  73  8:33  Pylon  
  74  8:35  Pylon  
  75  8:41  Probe  
  75  8:48  Carrier (Chrono Boost)  
  81  9:04  Void Ray (Chrono Boost)  
  81  9:08  Protoss Air Weapons Level 1  
  85  9:37  Void Ray x2  
  93  9:52  Probe  
  94  9:58  Protoss Shields Level 1  
  94  10:04  Probe  
  95  10:16  Probe  
  95  10:20  Carrier  
  95  10:21  Carrier  
  108  10:28  Probe  
  93  11:18  Void Ray  
  93  11:19  Void Ray  
  101  11:27  Assimilator  
  101  11:29  Probe  
  101  11:30  Assimilator  
  102  11:35  Pylon, Stargate  
  102  11:37  Stargate  
  102  11:38  Pylon  
  99  11:42  Probe  
  97  12:02  Probe  
  98  12:11  Void Ray x2 (Chrono Boost)  
  98  12:15  Probe  
  107  12:19  Carrier x2 (Chrono Boost)  
  119  12:27  Probe  
  120  12:39  Protoss Air Weapons Level 2  
  120  12:46  Void Ray (Chrono Boost)  
  120  12:47  Void Ray (Chrono Boost), Probe  
  129  12:59  Probe  
  130  13:11  Pylon, Probe  
  130  13:12  Pylon  
  131  13:15  Pylon  
  131  13:17  Nexus, Pylon  
  131  13:20  Assimilator  
  131  13:22  Assimilator  
  131  13:26  Pylon  
  131  13:27  Void Ray  
  131  13:29  Pylon  
  131  13:32  Carrier x2  
  146  14:22  Void Ray x2  
  146  14:30  Void Ray  
  130  15:35  Void Ray x2  
  130  15:36  Void Ray x2  
  128  16:12  Void Ray x2  
  128  16:13  Void Ray x2  
  110  16:49  Void Ray  
  110  16:50  Void Ray x3  
  126  17:22  Gateway  
  126  17:26  Forge  
  126  17:27  Void Ray x2  
  126  17:28  Nexus  
  126  17:32  Assimilator  
  126  17:33  Assimilator, Carrier x2  
  146  18:04  Void Ray  
  146  18:05  Void Ray  
  150  18:31  Void Ray x2  
  142  18:41  Void Ray  
  146  18:42  Void Ray  
  144  19:08  Void Ray x2  
  142  19:18  Void Ray  
  142  19:19  Void Ray  
  151  19:31  Probe  
  151  19:43  Probe  
  152  19:45  Void Ray x2  
  160  20:00  Nexus  
  160  20:03  Assimilator  
  160  20:08  Assimilator  
  160  20:11  Pylon  
  160  20:14  Pylon  
Show
View Real Time Build Order
Export as new Build Order

Primne Terran - Winner!

Build Orders: 2 Factory 

Get SALT Encoding   

  12  0:00  SCV  
  13  0:12  SCV  
  14  0:18  Supply Depot  
  14  0:24  SCV  
  15  0:39  SCV  
  15  0:41  Barracks  
  16  0:46  Refinery  
  16  0:52  SCV  
  16  0:55  Refinery  
  17  1:04  SCV  
  18  1:16  SCV  
  19  1:28  SCV  
  20  1:36  Supply Depot  
  20  1:40  SCV, Factory  
  21  1:53  SCV  
  22  2:05  SCV  
  22  2:06  Marine  
  24  2:16  Supply Depot  
  24  2:18  Supply Depot, SCV  
  26  2:40  Factory Tech Lab  
  25  2:44  Factory  
  25  2:45  Orbital Command  
  24  2:55  Marine  
  25  3:00  Siege Tank  
  28  3:10  SCV  
  29  3:14  Marine  
  30  3:30  Factory Reactor  
  30  3:32  Marine, Siege Tank  
  30  3:33  Engineering Bay  
  34  4:04  Siege Tank  
  37  4:28  Command Center  
  37  4:35  Command Center  
  37  4:37  Widow Mine x2  
  41  4:44  Siege Tank  
  44  4:58  Widow Mine  
  44  4:59  Widow Mine  
  48  5:00  Refinery  
  48  5:02  Refinery  
  48  5:20  Widow Mine x2  
  52  5:33  Siege Tank  
  55  5:46  SCV  
  55  5:47  Widow Mine x2  
  60  5:56  Supply Depot  
  60  5:58  SCV, Hi-Sec Auto Tracking  
  61  6:06  Orbital Command  
  61  6:11  SCV  
  62  6:21  Supply Depot  
  62  6:23  SCV  
  63  6:26  Widow Mine x2  
  67  6:35  SCV  
  68  6:47  Widow Mine x2  
  62  7:08  Widow Mine  
  62  7:09  Widow Mine  
  68  7:30  Widow Mine x2  
  70  7:37  Missile Turret  
  70  7:38  Missile Turret  
  70  7:40  SCV x2  
  72  7:52  SCV x2  
  74  8:01  Missile Turret x2  
  74  8:04  SCV x2  
  76  8:16  SCV x2  
  78  8:26  Missile Turret  
  78  8:28  SCV x2  
  78  8:29  Missile Turret  
  80  8:35  Missile Turret  
  80  8:40  Missile Turret  
  80  8:52  Siege Tank  
  83  9:03  Armory x2  
  83  9:04  Widow Mine x2, Missile Turret x2  
  83  9:08  Missile Turret  
  87  9:12  Missile Turret  
  83  9:25  Widow Mine x2  
  85  9:37  Neosteel Armor, Missile Turret  
  85  9:40  Siege Tank  
  85  9:41  Missile Turret  
  88  9:47  Widow Mine x2, Missile Turret  
  92  9:52  Supply Depot, Missile Turret  
  92  9:53  Supply Depot  
  92  10:08  Widow Mine x2  
  96  10:29  Widow Mine  
  96  10:30  Widow Mine  
  100  10:39  Thor  
  106  10:51  Widow Mine x2  
  110  11:12  SCV  
  110  11:17  Widow Mine x2  
  115  11:24  SCV  
  116  11:36  SCV  
  117  11:48  SCV  
  118  12:00  Missile Turret  
  118  12:04  Thor  
  118  12:05  SCV, Widow Mine x2, Sensor Tower  
  129  12:10  Terran Vehicle Weapons Level 1  
  129  12:11  Terran Vehicle And Ship Armor Level 1  
  129  12:21  Factory  
  129  12:22  Factory, Missile Turret  
  129  12:24  Factory  
  129  12:27  Widow Mine x2  
  133  12:31  Factory  
  133  12:32  Sensor Tower  
  133  12:47  Thor  
  133  12:48  Widow Mine x2  
  143  12:56  Command Center  
  143  13:01  Refinery  
  143  13:07  Sensor Tower  
  143  13:27  Refinery  
  143  13:30  Thor  
  149  13:39  Drilling Claws  
  149  13:55  Missile Turret  
  147  14:11  Missile Turret  
  147  14:13  Thor  
  153  14:19  Missile Turret  
  153  14:26  Factory Tech Lab x2  
  153  14:27  Factory Tech Lab  
  153  14:31  Widow Mine x2  
  157  14:33  Terran Vehicle Weapons Level 2, Factory Tech Lab  
  157  14:34  Terran Vehicle And Ship Armor Level 2  
  157  14:40  Missile Turret  
  157  14:52  Widow Mine x2  
  161  15:13  Widow Mine  
  161  15:14  Widow Mine  
  165  15:38  Supply Depot, Factory Reactor  
  165  15:39  Supply Depot x2  
  165  15:41  Supply Depot  
  165  15:42  Supply Depot  
  165  15:43  Supply Depot, Orbital Command  
  165  16:00  Thor x2, Widow Mine  
  165  16:01  Thor, Widow Mine  
  165  16:02  Thor  
  193  16:32  Widow Mine x3  
  199  16:39  Marine  
  200  17:09  Factory Tech Lab  
  133  20:27  Widow Mine x5  
  133  20:28  Widow Mine  
  133  20:43  Factory Reactor  
  133  20:48  Widow Mine x3  
  133  20:49  Widow Mine x3  
Tags
 
Add a new tag
Caveats
  • Supply blocks, unpowered buildings, or Contaminate may cause inaccurate times.
  • Supply counts are checked every 10 seconds.